 Dungeon Crawl Stone Soup version 0.27-a0-1147-gb3d8e82157 (webtiles) character file.

Game seed: 17149556163987043972

288344 experimilk the Earth Mage (level 20, -8/116 HPs)
             Began as a Gargoyle Earth Elementalist on May 10, 2021.
             Was a High Priest of Fedhas.
             Mangled by a vault warden
             ... wielding a +0 war axe
              (20 damage)
             ... on level 2 of the Vaults on May 12, 2021.
             The game lasted 05:28:23 (79316 turns).

experimilk the Earth Mage (GrEE)                   Turns: 79316, Time: 05:28:23

Health: -8/116     AC: 37    Str: 18    XL:     20   Next: 69%
Magic:  5/45       EV: 14    Int: 31    God:    Fedhas [*****.]
Gold:   81         SH:  5    Dex: 10    Spells: 12/49 levels left

rFire    . . .     SeeInvis +   J - +6 Majin-Bo {vamp, MP+6 Int+6}
rCold    + + .     Faith    .   (shield currently unavailable)
rNeg     + . .     Spirit   .   N - +3 scale mail {rC+}
rPois    ∞         Reflect  +   o - +2 helmet
rElec    +         Harm     .   V - +2 cloak {rCorr}
rCorr    +         Rampage  .   U - +2 pair of gloves
Will     ++...                  h - +2 pair of boots
Stlth    ..........             P - amulet of reflection
HPRegen  0.29/turn              T - ring "Lofado" {rElec rC+ Will+ Str+4 Int+2}
MPRegen  0.29/turn              e - ring of see invisible

@: flying, very slightly contaminated, invisible
A: sickness immunity, AC +15, big wings, negative energy resistance 1,
electricity resistance, torment resistance 1, petrification resistance, frail 1
}: 2/15 runes: decaying, serpentine
a: Renounce Religion, Wall of Briars, Grow Ballistomycete, Overgrow, Grow Oklob


You were on level 2 of the Vaults.
You worshipped Fedhas.
Fedhas was extremely pleased with you.
You visited 6 branches of the dungeon, and saw 33 of its levels.
You visited the Abyss 1 time.
You also visited: Ossuary, Bailey, Gauntlet and Ice Cave.

You collected 4333 gold pieces.
You spent 4252 gold pieces at shops.

Inventory:

Hand Weapons
 J - the +6 Majin-Bo (weapon) {vamp, MP+6 Int+6}
   (You acquired it on level 1 of the Vaults)

   It inflicts no extra harm, but heals its wielder when it wounds a living foe.
   It affects your intelligence (+6).
   It affects your magic capacity (+6).
Missiles
 b - 989 stones (quivered)
 F - 4 atropa-tipped darts
Armour
 h - a +2 pair of boots (worn)
 o - a +2 helmet (worn)
 v - a +1 robe of willpower
 B - a +1 robe of the Archmagi
 N - a +3 scale mail of cold resistance (worn)
 Q - a +3 buckler
 U - a +2 pair of gloves (worn)
 V - a +2 cloak of preservation (worn)
Magical Staves
 f - a staff of earth
Jewellery
 e - a ring of see invisible (right hand)
 l - a ring of wizardry
 p - a +4 ring of protection
 q - an amulet of magic regeneration
 u - an amulet of regeneration
 C - a ring of resist corrosion
 G - the ring "Rykul" {Will++ AC+4 Int-4}
   (You found it in an ice cave)

   [ring of protection]

   It affects your AC (+4).
   It affects your intelligence (-4).
   It greatly increases your willpower.
 L - a ring of protection from fire
 P - an amulet of reflection (around neck)
 R - a +4 ring of evasion
 T - the ring "Lofado" (left hand) {rElec rC+ Will+ Str+4 Int+2}
   (You found it on level 3 of the Snake Pit)

   [ring of willpower]

   It affects your strength (+4).
   It affects your intelligence (+2).
   It protects you from cold.
   It insulates you from electricity.
   It increases your willpower.
 W - a ring of protection from cold
Wands
 a - a wand of flame (34)
 g - a wand of iceblast (26)
 j - a wand of mindburst (6)
 s - a wand of acid (29)
 t - a wand of paralysis (26)
 S - a wand of digging (11)
 Y - a wand of charming (11)
Scrolls
 k - a scroll of magic mapping
 x - 6 scrolls of identify
 y - 2 scrolls of summoning
 A - 8 scrolls of fog
 I - 10 scrolls of amnesia
 O - 4 scrolls of fear
 Z - 5 scrolls of brand weapon
Potions
 d - 5 potions of curing
 i - 4 potions of might
 n - 3 potions of cancellation
 r - 4 potions of resistance
 z - 7 potions of brilliance
 D - 2 potions of attraction
 H - 4 potions of mutation
 K - a potion of invisibility
 M - a potion of haste
Miscellaneous
 m - a phantom mirror
 w - a phial of floods (inert)
 E - a tin of tremorstones (inert)
 X - a condenser vane (inert)


   Skills:
 - Level 15.0 Fighting
 - Level 6.0 Staves
 + Level 3.6 Armour
 - Level 15.0 Dodging
 - Level 2.1 Stealth
 - Level 4.0 Shields
 - Level 15.0 Spellcasting
 - Level 15.0 Conjurations
 - Level 6.0 Transmutations
 * Level 17.1 Earth Magic
 - Level 9.0 Invocations
 - Level 3.0 Evocations


You had 12 spell levels left.
You knew the following spells:

 Your Spells              Type           Power      Damage    Failure   Level
a - Sandblast             Erth           100%       2d20      0%          1
b - Passwall              Tmut/Erth      63%        N/A       1%          2
c - Stone Arrow           Conj/Erth      100%       3d13      1%          3
d - Lee's Rapid Deconstr  Erth           46%        3d23*     1%          5
e - Petrify               Tmut/Erth      76%        N/A       1%          4
f - Iron Shot             Conj/Erth      44%        9d9       1%          6
g - Orb of Destruction    Conj           43%        9d14      11%         7
h - Shatter               Erth           46%        3d35*     99%         9

Your spell library contained the following spells:

 Spells                   Type           Power      Damage    Failure   Level
 Beastly Appendage        Tmut           100%       N/A       1%          1
 Static Discharge         Conj/Air       63%        N/A       1%          2
 Wereblood                Tmut           57%        N/A       1%          2
 Conjure Flame            Conj/Fire      63%        6-21      1%          3
 Bolt of Magma            Conj/Fire/Erth 37%        4d16      1%          5
 Iskenderun's Battlesphe  Conj           86%        2d13      1%          5
 Mephitic Cloud           Conj/Pois/Air  53%        N/A       2%          3
 Hailstorm                Conj/Ice       63%        3d13      2%          4
 Spider Form              Tmut/Pois      20%        N/A       5%          3
 Animate Skeleton         Necr           46%        N/A       6%          1
 Apportation              Tloc           46%        N/A       6%          1
 Corona                   Hex            25%        N/A       6%          1
 Freeze                   Ice            92%        1d10      6%          1
 Summon Small Mammal      Summ           92%        N/A       6%          1
 Lightning Bolt           Conj/Air       31%        1d48      8%          5
 Corpse Rot               Necr/Air       N/A        N/A       9%          2
 Poisonous Vapours        Pois/Air       46%        N/A       9%          2
 Hydra Form               Tmut           28%        N/A       14%         5
 Ice Form                 Ice/Tmut       41%        N/A       17%         4
 Confusing Touch          Hex            23%        N/A       19%         3
 Frozen Ramparts          Ice            46%        1d6       19%         3
 Gell's Gravitas          Tloc           11%        N/A       19%         3
 Inner Flame              Hex/Fire       23%        N/A       19%         3
 Ozocubu's Armour         Ice            23%        N/A       19%         3
 Conjure Ball Lightning   Conj/Air       31%        3x3d10    38%         6
 Yara's Violent Unravell  Hex/Tmut       20%        3d9       43%         5
 Summon Lightning Spire   Summ/Air       23%        N/A       52%         4
 Freezing Cloud           Conj/Ice/Air   26%        6-21      75%         6
 Metabolic Englaciation   Hex/Ice        11%        N/A       86%         5
 Silence                  Hex/Air        11%        N/A       86%         5
 Summon Forest            Summ/Tloc      11%        N/A       86%         5
 Spellforged Servitor     Conj/Summ      31%        N/A       93%         7
 Eringya's Noxious Bog    Tmut/Pois      20%        N/A       95%         6
 Invisibility             Hex            23%        N/A       100%        6
 Summon Hydra             Summ           11%        N/A       100%        7
 Discord                  Hex            11%        N/A       100%        8
 Ignition                 Fire           11%        3d5       100%        8
 Tornado                  Air            11%        N/A       100%        9


Dungeon Overview and Level Annotations

Branches:
Dungeon (15/15)            Temple (0/1) D:7            Lair (6/6) D:11
  Swamp (4/4) Lair:2        Snake (4/4) Lair:4        Slime (0/5) Lair:6
    Orc (2/2) D:10            Elf (0/3) Orc:2        Vaults (2/5) D:14
 Depths (0/5) D:15        Ossuary (visited)          Bailey (visited)
  IceCv (visited)         Gauntlet (visited)
  Crypt: Vaults:2-3

Altars:
Fedhas
Gozag
Makhleb
Nemelex Xobeh
Okawaru
Qazlal
Ru
Sif Muna
Uskayaw
Vehumet
Wu Jian
Yredelemnul
Beogh
Jiyva

Shops:
D:2 ?   D:9 ([[([   D:10 (   D:11 ==:[   Orc:2 !!(   Snake:1 !   Snake:4 [
Vaults:1 [

Portals:
Trove: D:13 (give 5 scrolls of fear)

Annotations:
D:3 Sigmund
D:5 2 runed translucent doors, benadryl's ghost, novice TrHu
D:6 Grinder
D:15 Jorgrun
Snake:3 4 transporters, Gygal Fez's ghost, adept MiFi


Innate Abilities, Weirdness & Mutations

You are immune to sickness and miasma.
Your stone body is resilient. (AC +15)
You are immune to poison.
Your large and strong wings let you fly.
You resist negative energy. (rN+)
You are resistant to electric shocks. (rElec)
You are resistant to unholy torment.
You are immune to petrification.
You are frail. (-10% HP)


Message History

The vault warden hits you with a +0 war axe!!
Unknown command.
The phantasmal warrior blinks!
You see here 23 stones.
Okay, then.
Okay, then.
Okay, then.
Aim the phial where?
Press: ? - help, Shift-Dir - straight line, f - vault warden
Aim: a vault warden, wielding a +0 war axe and wearing a +0 plate armour (lightly wounded, strong)
The torrent of water misses the vault warden.
The wave splashes down.
The vault warden is engulfed in water.
You hear a shout!
The vault warden hits you but does no damage.
No empty adjacent squares.
Aiming: Dig
Press: ? - help, Shift-Dir - straight line, p - vault warden Digging in that direction won't affect any walls.
A stone wall.
Okay, then.
Unknown command.
Okay, then.
Unknown command.
Aiming: Paralyse
Press: ? - help, Shift-Dir - straight line, f/p - vault warden
Aim: a vault warden, wielding a +0 war axe and wearing a +0 plate armour (lightly wounded, strong, waterlogged, chance to affect: 21%)
The vault warden resists with almost no effort.
The phantasmal warrior blinks!
The vault warden hits you with a +0 war axe!!
* * * LOW HITPOINT WARNING * * *
Unknown command.
You fade into invisibility!
You block the vault warden's attack.
You are very lightly contaminated with residual magic.
Blink to where?
Press: ? - help, Dir - move target, p - vault warden
As you read the scroll of blinking, it crumbles to dust.
The vault warden hits you with a +0 war axe!!
You die...
Fedhas appreciates your contribution to the ecosystem.

..... #... .).. #... ....
###[#.### #...#.#§# #####.).#p#
### #....).)@W#
..##########+####################
).p.c............................
....4............................
..)e3............................
e..cp...)........................
#######'##############''#########
# ..... #...........# # .. ..#
#...........#


You could see a vault warden (strong, waterlogged) and a phantasmal warrior
(strong).

Vanquished Creatures
  A tentacled monstrosity (Swamp:3)
  A sphinx (Vaults:2)
  Kirke (Snake:1)
  Donald (Vaults:2)
  A fenstrider witch (Swamp:4)
  7 nagarajas
  A frost giant (Vaults:2)
  A vault warden (Vaults:2)
  A balrug (Abyss:2)
  2 war gargoyles (Vaults:2)
  6 ironbound preservers
  2 very ugly things (IceCv)
  A vampire knight (Swamp:4)
  A dire elephant (Vaults:2)
  A deep elf demonologist (Vaults:2)
  2 eleionomae
  A minotaur (Gauntlet)
  Snorg (D:12)
  5 bunyips
  A fire dragon (D:15)
  Josephine (D:13)
  2 crystal guardians (Vaults:1)
  A great orb of eyes (Gauntlet)
  3 salamander tyrants
  A yaktaur captain (Vaults:1)
  A vault guard (Vaults:2)
  14 hydras
  12 naga warriors
  6 boulder beetles
  2 ironbound thunderhulks
  3 ghost crabs
  22 anacondas
  2 catoblepae
  6 alligators
  5 ironbound frosthearts
  2 death knights (D:14)
  2 peacekeepers
  14 centaur warriors
  2 dancing weapons (D:14)
  10 two-headed ogres
  5 tengu warriors
  A vampire mage (Swamp:1)
  11 death yaks
  An ironbound beastmaster (Vaults:2)
  12 naga sharpshooters
  2 thrashing horrors (Abyss:2)
  12 shock serpents
  4 orc high priests
  12 salamander mystics
  A sun demon (Abyss:2)
  5 skeletal warriors
  A wretched star (Abyss:2)
  4 spriggan druids
  A sea snake (shapeshifter) (D:15)
  2 goliath frogs
  2 large abominations (Abyss:2)
  6 swamp dragons
  8 naga ritualists
  23 deep trolls
  2 bog bodies
  A spectral hydra (Swamp:4)
  9 harpies
  4 lindwurms (Snake:4)
  3 wizards
  3 orc knights
  5 ironbound convokers
  3 deep elf pyromancers
  4 manticores
  7 ugly things
  23 mana vipers
  A manticore (shapeshifter) (D:15)
  11 cyclopes
  20 salamanders
  4 will-o-the-wisps
  5 orc sorcerers
  6 vault sentinels (Vaults:1)
  An apocalypse crab (Abyss:2)
  5 ice statues (IceCv)
  Maurice (D:12)
  34 black mambas
  A worldbinder (Abyss:2)
  6 guardian serpents (Snake:4)
  9 elephants (Lair:6)
  10 naga magi
  A cane toad (shapeshifter) (D:13)
  An unseen horror (D:11)
  2 gargoyles
  12 komodo dragons
  2 rime drakes
  9 cane toads
  3 freezing wraiths (D:14)
  2 efreet
  A yaktaur (shapeshifter) (D:10)
  A yaktaur (Vaults:2)
  2 ancient zymes (Abyss:2)
  3 tengu conjurers
  A golden dragon simulacrum (IceCv)
  2 red devils (Abyss:2)
  10 trolls
  3 meliai (D:15)
  A hydra zombie (Swamp:4)
  8 polar bears (Lair:6)
  A meliai (shapeshifter) (D:14)
  10 tyrant leeches
  15 blink frogs
  13 hornets
  A dream sheep (shapeshifter) (Vaults:1)
  A wolf spider simulacrum (Lair:1)
  5 dream sheep (Lair:6)
  A blink frog (shapeshifter) (D:14)
  4 raiju
  31 slime creatures
  A death drake skeleton (Swamp:4)
  A flying skull (Abyss:2)
  A vampire (D:12)
  A dire elephant simulacrum (Lair:1)
  A spriggan (shapeshifter) (D:13)
  21 spriggans
  6 wraiths
  5 basilisks
  6 wyverns
  Eustachio (D:6)
  A hog (Snake:1)
  45 yaks
  3 steam dragons
  7 wargs
  9 vampire mosquitoes
  2 iron troll simulacra (IceCv)
  14 swamp worms
  3 harpy simulacra (IceCv)
  18 nagas
  12 water moccasins
  3 hydra simulacra
  40 orc warriors
  A small abomination (Abyss:2)
  6 black bears
  A meliai simulacrum (D:15)
  An ice dragon simulacrum (Abyss:2)
  A hornet zombie (D:8)
  A necrophage (D:8)
  2 sky beasts
  A swamp dragon zombie (Swamp:4)
  6 ice beasts (IceCv)
  A swamp drake (D:11)
  2 ettin simulacra (IceCv)
  29 wolves
  8 ogres
  4 boggarts (Lair:6)
  8 centaurs
  3 kobold brigands
  11 bullfrogs
  2 elf zombies (Ossuary)
  2 scorpions
  A water moccasin zombie (D:6)
  7 killer bees
  6 wights
  2 electric eels
  A howler monkey (D:9)
  A crimson imp (Abyss:2)
  2 lava snakes (D:10)
  2 bullfrog skeletons
  5 hounds
  A komodo dragon simulacrum (Lair:1)
  A quasit (Abyss:2)
  A centaur skeleton (D:5)
  A jelly (D:5)
  4 centaur zombies
  19 orc priests
  An iron imp (Abyss:2)
  A gnoll shaman (D:9)
  7 iguanas
  40 orc wizards
  A lightning spire (Gauntlet)
  3 killer bee zombies
  A bullfrog simulacrum (Lair:1)
  A hound zombie (Ossuary)
  3 howler monkey zombies (D:9)
  4 mummies (Ossuary)
  5 gnolls
  5 adders
  A shadow imp (D:8)
  2 ufetubi
  An adder skeleton (D:5)
  3 dart slugs
  86 orcs
  4 endoplasms
  5 giant cockroaches
  2 gnoll zombies (Ossuary)
  9 goblins
  2 hobgoblins
  12 jackals
  20 kobolds
  6 quokkas
  6 ball pythons
  5 bats
  5 frilled lizards
  2 goblin zombies
  A hobgoblin zombie (Ossuary)
  2 kobold zombies (Ossuary)
  An orc zombie (Ossuary)
  A rat (D:2)
  2 rat zombies (Ossuary)
  3 ballistomycete spores
  A lurking horror (Abyss:2)
1185 creatures vanquished.

Vanquished Creatures (collateral kills)
  Jory (Vaults:2)
  A nagaraja (Snake:3)
  Louise (D:15)
  An ironbound preserver (Vaults:2)
  A vampire knight (Swamp:4)
  A hydra skeleton (Swamp:4)
  A naga warrior (Snake:3)
  2 hydras (Swamp:4)
  An anaconda (Snake:2)
  A death yak (Lair:6)
  A naga sharpshooter (Snake:3)
  A deep troll (Vaults:2)
  A flayed ghost (Swamp:4)
  3 swamp dragons (Swamp:4)
  A spectral hydra (Swamp:4)
  A spriggan druid (Swamp:1)
  2 phantasmal warriors (Swamp:4)
  2 salamanders
  A will-o-the-wisp (Swamp:3)
  5 ugly things
  2 elephants (Lair:6)
  4 black mambas
  2 death drake zombies (Swamp:4)
  3 hydra zombies (Swamp:4)
  A troll (Orc:2)
  2 blink frogs (Lair:4)
  A spriggan (Swamp:1)
  A yak (Lair:5)
  A wraith (D:14)
  3 hydra simulacra (Swamp:4)
  A warg (Orc:2)
  2 nagas (Snake:3)
  A swamp drake (Swamp:4)
  2 orc warriors (Orc:2)
  An orc priest (Orc:2)
  5 orcs (Orc:2)
  48 ballistomycete spores
109 creatures vanquished.

Vanquished Creatures (others)
  A death yak (Lair:6)
  2 spriggan druids (Swamp:4)
  4 oklob plants (Lair:6)
  2 humans (Snake:1)
  2 water moccasins (Lair:6)
  A bullfrog (Lair:4)
  An orc (D:7)
  5 ballistomycete spores
  5 bushes
  21 foxfires
  44 fungi
  101 plants
  3 toadstools (Swamp:2)
192 creatures vanquished.

Grand Total: 1486 creatures vanquished

Notes
Turn   | Place    | Note
-------+----------+-------------------------------------------
     0 | D:1      | experimilk the Gargoyle Earth Elementalist began the quest
                  | for the Orb.
     0 | D:1      | Reached XP level 1. HP: 10/10 MP: 3/3
   261 | D:1      | Reached skill level 1 in Transmutations
   324 | D:1      | Reached XP level 2. HP: 15/15 MP: 1/5
   370 | D:1      | Learned a level 2 spell: Passwall
   608 | D:1      | Reached skill level 4 in Earth Magic
  1041 | D:1      | Reached XP level 3. HP: 19/19 MP: 4/6
  1069 | D:1      | Learned a level 3 spell: Stone Arrow
  1417 | D:1      | Found a faded altar of an unknown god.
  2238 | D:2      | Reached XP level 4. HP: 24/24 MP: 2/7
  2453 | D:2      | Found Naupn's Magic Scroll Shoppe.
  2457 | D:2      | Bought a scroll of magic mapping for 45 gold pieces
  2636 | D:3      | Noticed Sigmund
  3096 | D:4      | Reached skill level 1 in Conjurations
  3132 | D:4      | Found a stormy altar of Qazlal.
  3138 | D:4      | Reached skill level 5 in Earth Magic
  3138 | D:4      | Reached XP level 5. HP: 28/28 MP: 2/9
  3301 | D:4      | Found a sand-covered staircase.
  3334 | Ossuary  | Entered an ossuary
  3589 | Ossuary  | Reached XP level 6. HP: 17/32 MP: 0/10
  3745 | Ossuary  | Learned a level 5 spell: Lee's Rapid Deconstruction
  3760 | Ossuary  | Reached skill level 6 in Earth Magic
  3951 | Ossuary  | Identified a scroll of acquirement
  3957 | Ossuary  | Acquired a staff of earth
  4597 | D:4      | Found a basalt altar of Yredelemnul.
  4739 | D:5      | Entered Level 5 of the Dungeon
  4742 | D:5      | Noticed a water moccasin
  4977 | D:5      | Found a runed translucent door.
  4979 | D:5      | Noticed benadryl's ghost (novice TrHu)
  4988 | D:5      | Noticed a sky beast
  5143 | D:5      | Reached XP level 7. HP: 36/36 MP: 8/12
  5354 | D:5      | Reached skill level 7 in Earth Magic
  6029 | D:5      | Found a shimmering blue altar of Sif Muna.
  6029 | D:5      | Found a blossoming altar of Fedhas.
  6029 | D:5      | Found a radiant altar of Vehumet.
  6056 | D:5      | Became a worshipper of Fedhas Madash
  6070 | D:5      | Found a runed translucent door.
  6530 | D:5      | Reached skill level 8 in Earth Magic
  6530 | D:5      | Reached XP level 8. HP: 41/41 MP: 5/14
  6758 | D:6      | Noticed Grinder
  6945 | D:6      | Learned a level 4 spell: Petrify
  7243 | D:6      | Noticed Eustachio
  7249 | D:6      | Killed Eustachio
  7250 | D:6      | Reached skill level 5 in Spellcasting
  7250 | D:6      | Reached skill level 9 in Earth Magic
  7915 | D:7      | Reached skill level 1 in Fighting
  8017 | D:7      | Reached * piety under Fedhas
  8071 | D:7      | Found a flagged portal.
  8080 | D:7      | Reached XP level 9. HP: 48/48 MP: 2/18
  8096 | Bailey   | Entered a bailey
  8523 | Bailey   | Learned a level 5 spell: Hydra Form
  8713 | Bailey   | Noticed an orc knight
  8766 | Bailey   | Identified the +9 ice dragon scales of Intuition {Contam
                  | Fly rF- rC++ Str+4}
  9207 | Bailey   | Killed an orc knight
  9207 | Bailey   | Reached ** piety under Fedhas
  9208 | Bailey   | Reached skill level 5 in Transmutations
  9330 | Bailey   | Noticed an orc knight
 10731 | D:7      | Found a staircase to the Ecumenical Temple.
 11027 | D:8      | Reached XP level 10. HP: 56/56 MP: 16/22
 11135 | D:8      | Found an opulent altar of Gozag.
 11149 | D:8      | Found a sparkling altar of Nemelex Xobeh.
 11315 | D:8      | Identified the +5 quarterstaff of Past Mistakes {venom,
                  | +Rage rCorr Str+2}
 11397 | D:8      | Found a sacrificial altar of Ru.
 11608 | D:8      | Found an ornate altar of the Wu Jian Council.
 11643 | D:8      | Reached skill level 1 in Shields
 11788 | D:8      | Found a hide-covered altar of Uskayaw.
 11790 | D:8      | Reached *** piety under Fedhas
 12448 | D:9      | Found Qyplasagh's Armour Shop.
 12762 | D:9      | Found Lilih's Weapon Emporium.
 12780 | D:9      | Noticed a two-headed ogre
 12904 | D:9      | Noticed a deep elf pyromancer
 12904 | D:9      | Noticed a manticore
 12904 | D:9      | Noticed a two-headed ogre
 12904 | D:9      | Noticed a boulder beetle
 12905 | D:9      | Noticed a centaur warrior
 12909 | D:8      | Killed a deep elf pyromancer
 13157 | D:8      | Killed a two-headed ogre
 13158 | D:8      | Reached skill level 1 in Armour
 13158 | D:8      | Reached skill level 1 in Evocations
 13158 | D:8      | Reached XP level 11. HP: 48/64 MP: 0/24
 13560 | D:9      | Noticed a cyclops
 13569 | D:9      | Noticed a two-headed ogre
 13573 | D:9      | Noticed a deep elf pyromancer
 13577 | D:9      | Killed a deep elf pyromancer
 13579 | D:9      | Noticed a two-headed ogre
 13868 | D:9      | Noticed a wizard
 13868 | D:9      | Noticed a boulder beetle
 13869 | D:9      | Noticed a centaur warrior
 13933 | D:9      | Reached skill level 1 in Staves
 13933 | D:9      | Killed a centaur warrior
 14233 | D:9      | Killed a two-headed ogre
 14234 | D:9      | Reached skill level 5 in Invocations
 14569 | D:8      | Reached **** piety under Fedhas
 14635 | D:9      | Noticed a two-headed ogre
 14637 | D:9      | Killed a two-headed ogre
 14786 | D:8      | Killed a wizard
 14945 | D:9      | Killed a centaur warrior
 14946 | D:9      | Reached skill level 5 in Dodging
 15125 | D:9      | Killed a manticore
 15543 | D:9      | Killed a two-headed ogre
 15544 | D:9      | Reached XP level 12. HP: 44/70 MP: 1/25
 15922 | D:9      | Learned a level 6 spell: Iron Shot
 15951 | D:9      | Killed a boulder beetle
 16148 | D:9      | Found Gikiloyli's Armour Emporium.
 16229 | D:9      | Killed a two-headed ogre
 16751 | D:9      | Found Buaruf's Weapon Shoppe.
 16819 | D:9      | Found an iron altar of Okawaru.
 16819 | D:9      | Found Yjaur's Armour Shop.
 16827 | D:9      | Bought a +2 buckler for 264 gold pieces
 16936 | D:10     | Entered Level 10 of the Dungeon
 17128 | D:10     | Noticed a two-headed ogre
 17142 | D:10     | Killed a two-headed ogre
 18135 | D:10     | Found a staircase to the Orcish Mines.
 18728 | D:10     | Found a burning altar of Makhleb.
 19170 | D:10     | Found Zyemuox's Weapon Shop.
 19451 | D:11     | Found Letsaz's Jewellery Boutique.
 19455 | D:11     | Bought an amulet of reflection for 390 gold pieces
 19473 | D:11     | Noticed a two-headed ogre
 19479 | D:11     | Killed a two-headed ogre
 19480 | D:11     | Reached skill level 10 in Spellcasting
 19590 | D:11     | Found Irhuxur's Jewellery Shop.
 19723 | D:11     | Found Naq Fyhan's Armour Boutique.
 19726 | D:11     | Found Issene Borph's Book Shoppe.
 19969 | D:11     | Noticed a two-headed ogre
 19977 | D:11     | Killed a two-headed ogre
 20924 | D:11     | Reached XP level 13. HP: 74/74 MP: 14/27
 21079 | D:11     | Learned a level 7 spell: Orb of Destruction
 21166 | D:11     | Found a staircase to the Lair.
 21248 | Lair:1   | Entered Level 1 of the Lair of Beasts
 21357 | Lair:1   | Found a transporter.
 21368 | Lair:1   | Reached ***** piety under Fedhas
 21422 | Lair:1   | Found a transporter.
 22110 | D:11     | Bought a ring of protection from cold for 325 gold pieces
 23262 | Lair:2   | Identified the +0 chain mail "Ekiunat" {Will+ Int+9}
 25510 | Lair:3   | Identified the +3 morningstar "Yhaoh" {flame, +Blink rElec
                  | rCorr Dex-5}
 25666 | Lair:3   | Identified the ring "Lijyrael" {*Corrode rElec EV+4 Int+4
                  | Dex+4}
 26628 | Lair:4   | Reached skill level 10 in Earth Magic
 26740 | Lair:4   | Found a staircase to the Snake Pit.
 27612 | Lair:5   | Found a gate leading to a gauntlet.
 27623 | Gauntlet | Entered a Gauntlet
 27623 | Gauntlet | Found a transporter.
 27633 | Gauntlet | Found a transporter.
 27634 | Gauntlet | Found a transporter.
 27635 | Gauntlet | Found a transporter.
 27638 | Gauntlet | Found a transporter.
 27639 | Gauntlet | Found a transporter.
 27645 | Gauntlet | Noticed a great orb of eyes
 27647 | Gauntlet | Found a transporter.
 27649 | Gauntlet | Found a transporter.
 27667 | Gauntlet | Found a transporter.
 27684 | Gauntlet | Found a transporter.
 27688 | Gauntlet | Found a transporter.
 27689 | Gauntlet | Found a runed translucent door.
 27699 | Gauntlet | Found a transporter.
 27778 | Gauntlet | Identified the ring "Noycue" {*Slow Fly rC+ Str+8 Int-3}
 27824 | Gauntlet | Killed a great orb of eyes
 27844 | Gauntlet | Identified the -3 pair of gloves of Qazlal's Benevolence
                  | {Will++ Int+3}
 27955 | Gauntlet | Identified the +10 plate armour of Hedging {Rampage rElec
                  | rPois Str-2}
 27955 | Gauntlet | Noticed a minotaur
 27972 | Gauntlet | Killed a minotaur
 28125 | Gauntlet | Identified the Almanac of Execration
 28330 | Lair:5   | Gained mutation: Your large and strong wings let you fly.
                  | [Gargoyle growth]
 28330 | Lair:5   | Reached XP level 14. HP: 80/80 MP: 17/30
 28519 | Lair:5   | Reached skill level 5 in Conjurations
 28742 | Lair:5   | Reached skill level 11 in Earth Magic
 29481 | Lair:6   | Entered Level 6 of the Lair of Beasts
 30418 | Lair:6   | Reached skill level 12 in Earth Magic
 30939 | Lair:6   | Found a staircase to the Slime Pits.
 30940 | Lair:6   | Found a viscous altar of Jiyva.
 33507 | Lair:6   | Reached ****** piety under Fedhas
 33637 | Lair:6   | Reached XP level 15. HP: 62/84 MP: 5/33
 34065 | Lair:6   | Reached skill level 15 in Spellcasting
 34391 | Orc:1    | Entered Level 1 of the Orcish Mines
 35681 | Orc:2    | Entered Level 2 of the Orcish Mines
 35681 | Orc:2    | Found a staircase to the Elven Halls.
 37576 | Orc:2    | Gained mutation: You are frail. (-10% HP) [a neqoxec]
 38258 | Orc:2    | Paralysed by an orc sorcerer for 2 turns
 38612 | Orc:2    | Found Imuneunk's Antique Armour Boutique.
 38612 | Orc:2    | Found Cuxogh's Distillery.
 38612 | Orc:2    | Found Vihajum's Distillery.
 38615 | Orc:2    | Found Quvaanui's Weapon Boutique.
 38632 | Orc:2    | Bought a potion of cancellation for 80 gold pieces
 38632 | Orc:2    | Bought 2 potions of magic for 160 gold pieces
 38632 | Orc:2    | Bought a potion of magic for 80 gold pieces
 38632 | Orc:2    | Bought a potion of heal wounds for 50 gold pieces
 38632 | Orc:2    | Bought a potion of heal wounds for 50 gold pieces
 38632 | Orc:2    | Bought a potion of heal wounds for 50 gold pieces
 38635 | Orc:2    | Bought a potion of heal wounds for 75 gold pieces
 38635 | Orc:2    | Bought a potion of heal wounds for 75 gold pieces
 38635 | Orc:2    | Bought a potion of resistance for 150 gold pieces
 38635 | Orc:2    | Bought a potion of brilliance for 60 gold pieces
 38635 | Orc:2    | Bought a potion of brilliance for 60 gold pieces
 38635 | Orc:2    | Bought a potion of heal wounds for 75 gold pieces
 38635 | Orc:2    | Bought a potion of brilliance for 60 gold pieces
 39249 | D:12     | Noticed Maurice
 39261 | D:12     | Killed Maurice
 39513 | D:12     | Noticed Snorg
 39515 | D:12     | Killed Snorg
 41583 | D:13     | Noticed Josephine
 41723 | D:13     | Killed Josephine
 42593 | D:13     | Found a portal to a secret trove of treasure.
 43548 | D:14     | Found a gate to the Vaults.
 43731 | D:14     | Reached skill level 10 in Conjurations
 44137 | D:14     | Reached XP level 16. HP: 83/83 MP: 22/35
 44258 | D:14     | Reached skill level 10 in Dodging
 45535 | D:15     | Entered Level 15 of the Dungeon
 45918 | D:15     | Noticed Jorgrun
 46032 | D:15     | Found a blossoming altar of Fedhas.
 46136 | D:15     | Identified the +6 hunting sling of the Extremes {freeze,
                  | *Slow Str+3 Stlth+}
 46558 | D:15     | Noticed Louise
 46559 | D:15     | Cast into level 2 of the Abyss (Louise)
 47082 | D:15     | Escaped the Abyss
 47110 | D:15     | Killed Louise
 47792 | D:11     | Bought a ring of see invisible for 255 gold pieces
 48395 | D:15     | Found a staircase to the Depths.
 49917 | Lair:2   | Found a staircase to the Swamp.
 49927 | Swamp:1  | Entered Level 1 of the Swamp
 52242 | Swamp:2  | Reached XP level 17. HP: 80/90 MP: 6/36
 53445 | Swamp:3  | Reached skill level 5 in Staves
 54370 | Swamp:3  | Noticed a tentacled monstrosity
 54373 | Swamp:3  | Killed a tentacled monstrosity
 54374 | Swamp:3  | Reached skill level 10 in Fighting
 55076 | Swamp:4  | Entered Level 4 of the Swamp
 55560 | Swamp:4  | Found the +3 robe of Folly {Archmagi, Will-- Int+5}
 56417 | Swamp:4  | Found a basalt altar of Yredelemnul.
 56449 | Swamp:4  | Found a blossoming altar of Fedhas.
 56461 | Swamp:4  | Got a decaying rune of Zot
 57144 | Snake:1  | Entered Level 1 of the Snake Pit
 57293 | Snake:1  | Found Pecosuh's Distillery.
 57314 | Snake:1  | Noticed Kirke
 57322 | Snake:1  | Killed Kirke
 57385 | Snake:1  | Found a frozen archway.
 57396 | IceCv    | Entered an ice cave
 58520 | IceCv    | Identified the ring "Rykul" {Will++ AC+4 Int-4}
 58683 | Snake:1  | Reached XP level 18. HP: 80/100 MP: 3/37
 59379 | Snake:1  | Identified the +1 plate armour "Ysutiq" {MP-9 Str+8}
 63445 | Snake:3  | Noticed Gygal Fez's ghost (adept MiFi)
 63457 | Snake:3  | Found a transporter.
 63489 | Snake:3  | Found a transporter.
 64505 | Snake:3  | Found a transporter.
 65504 | Snake:3  | Found a transporter.
 65536 | Snake:3  | Identified the +1 crystal plate armour "Diluimner" {Dex+2}
 66402 | Snake:3  | Identified the ring "Lofado" {rElec rC+ Will+ Str+4 Int+2}
 66517 | Snake:4  | Entered Level 4 of the Snake Pit
 67079 | D:11     | Bought a book of the Tempests for 1120 gold pieces
 67369 | D:2      | Bought a scroll of fear for 45 gold pieces
 67369 | D:2      | Bought a scroll of blinking for 97 gold pieces
 67369 | D:2      | Bought a scroll of teleportation for 39 gold pieces
 67369 | D:2      | Bought a scroll of teleportation for 39 gold pieces
 67884 | Snake:4  | Learned a level 9 spell: Shatter
 68239 | Snake:4  | Reached XP level 19. HP: 107/107 MP: 8/38
 68516 | Snake:4  | Found Ofepreh's Armour Shop.
 70476 | Snake:4  | Reached skill level 13 in Earth Magic
 70872 | Snake:4  | Reached skill level 15 in Conjurations
 71729 | Snake:4  | Got a serpentine rune of Zot
 71730 | Snake:4  | Upgraded the game from 0.27-a0-1144-g0b7d3b79db to
                  | 0.27-a0-1147-gb3d8e82157
 72104 | Vaults:1 | Entered Level 1 of the Vaults
 72106 | Vaults:1 | Reached skill level 14 in Earth Magic
 72514 | Vaults:1 | Found Aseik's Antique Armour Boutique.
 73401 | Vaults:1 | Reached XP level 20. HP: 108/115 MP: 3/39
 74349 | Vaults:1 | Reached skill level 15 in Earth Magic
 75005 | Vaults:1 | Acquired the +6 Majin-Bo {vamp, MP+6 Int+6}
 75006 | Vaults:1 | Found the +6 Majin-Bo {vamp, MP+6 Int+6}
 76280 | Vaults:2 | Reached skill level 15 in Dodging
 76871 | Vaults:2 | Noticed Jory
 76903 | Vaults:2 | Killed Jory
 76904 | Vaults:2 | Reached skill level 15 in Fighting
 76904 | Vaults:2 | Reached skill level 16 in Earth Magic
 76959 | Vaults:2 | Identified the +4 long sword of Ilau {elec, *Noise +Blink
                  | Will++ Stlth+}
 77815 | Vaults:2 | Identified the +2 kite shield of Indomitability {Rampage
                  | Fly Int-4 Slay-4}
 77815 | Vaults:2 | Noticed Donald
 77827 | Vaults:2 | Killed Donald
 79072 | Vaults:1 | Bought a jewelled scale mail for 342 gold pieces
 79072 | Vaults:1 | Identified the +1 scale mail of Entitlement {Harm MP-9
                  | Int+4 Stlth+} (You bought it in a shop on level 1 of the
                  | Vaults)
 79077 | Vaults:1 | Bought a runed scale mail for 266 gold pieces
 79188 | Vaults:2 | Paralysed by a sphinx for 7 turns
 79279 | Vaults:2 | Reached skill level 17 in Earth Magic
 79316 | Vaults:2 | Mangled by a vault warden

Illustrated notes

Levels and vault maps discovered:
D:1:      nzn_arrival_settlement, layout_loops_ring,
          hellmonk_ecumenical_altar_run_dry
D:2:      layout_loops_ring, serial_shops, shop, serial_rivers,
          chequers_serial_rivers_small_a, chequers_serial_rivers_micro_c,
          chequers_serial_rivers_small_b, chequers_serial_rivers_micro_d
D:3:      layout_rooms, uniq_sigmund
D:4:      layout_rooms, nicolae_qazlal_eye_of_the_storm, general_overflow_altar,
          enter_ossuary_3, serial_forest, infiniplex_forest_lined_room_3,
          infiniplex_forest_lined_corner, infiniplex_forest_join,
          infiniplex_forest_straight_2, infiniplex_forest_lined_2,
          infiniplex_forest_clump_double, infiniplex_forest_clump_small,
          infiniplex_forest_end_1, infiniplex_forest_straight_3, minivault_19,
          serial_bayou_pond_b
D:5:      layout_basic, gammafunk_temple_overflow_forgotten,
          ebering_ghost_sewer_f, serial_rivers, chequers_serial_rivers_micro_d,
          chequers_serial_rivers_small_3, chequers_serial_rivers_micro_d,
          chequers_serial_rivers_micro_d
D:6:      layout_basic, minivault_27, uniq_grinder, uniq_eustachio
D:7:      layout_loops_cross, minmay_temple_entry_statues_fountains,
          enter_bailey_5
D:8:      layout_basic, nicolae_overflow_quartered_altars,
          nicolae_uskayaw_murder_on_the_dancefloor
D:9:      minmay_the_grid_net [minmay_the_grid_minigrid_medium,
          minmay_the_grid_fan, minmay_the_grid_square_x,
          minmay_the_grid_medium_cups, minmay_the_grid_rooms,
          minmay_the_grid_prize_four_corners], layout_rooms, kennysheep_mini,
          serial_shops, kennysheep_little_box, shop, shop,
          nicolae_shop_statue_plus, shop
D:10:     layout_loops_corners, marbit_many_paths, david_orc_5, serial_shops,
          kennysheep_mini_moat, nicolae_lava_and_water, roderic_lattice_a
D:11:     layout_roguey, erik_lair_dragon, serial_shops, nicolae_shop_stone,
          shop, shop, shop
D:12:     layout_grid_maze, uniq_snorg, uniq_maurice
D:13:     minmay_curly_fans, layout_gridville, nicolae_trove_entry_crossroad,
          uniq_josephine
D:14:     layout_gridville, erik_vaults_1
D:15:     hangedman_depths_entry_try_elsewhere_first, layout_loops_ring,
          hangedman_abyss_or_decor_slice, tgw_fedhas, uniq_louise, uniq_jorgrun
Lair:1:   gammafunk_cloud_chamber, layout_loops_ring, serial_bayou_pond_c
Lair:2:   layout_long_grid, palyth_hydra_swamp_entry, serial_bayou_shore_b
Lair:3:   minmay_lair_oklob_tunnel, layout_cave_shapes,
          chequers_serial_rivers_micro_a, beast_lair_carwin_10
Lair:4:   layout_regular_city, minmay_snake_entry_guardpost_small,
          lemuel_old_faithful, lemuel_fruit_tree
Lair:5:   layout_hall_layers, gauntlet_entry_generic
Lair:6:   minmay_lair_end_enchanted_forest, layout_loops_ring, slime_altar_1,
          chequers_serial_rivers_micro_e, grunt_megastairs_4,
          minmay_lair_oklob_chamber, serial_bayou_shore_a
Swamp:1:  nicolae_swamp_ascending_descending, layout_basic_swamp,
          evilmike_swamp_ruin_house_5, swamp_pool2, cheibrodos_swamp_pet_leeches
Swamp:2:  cheibrodos_swamp_tower_of_moss, layout_basic_swamp,
          evilmike_swamp_ruin_house_6
Swamp:3:  layout_basic_swamp, evilmike_swamp_ruin_wall, swamp_pool4,
          nicolae_swamp_wisp_ring_woods, infiniplex_staircase_pool
Swamp:4:  byrel_swamp_growth_death_and_undeath, layout_basic_swamp, swamp_pool4,
          nicolae_swamp_small_spring
Snake:1:  layout_grid_shapes, serial_shops, shop,
          portal_ice_cave_entry_pillars_three, uniq_kirke
Snake:2:  layout_onion_interference, nicolae_snake_salamander_stairs
Snake:3:  gammafunk_the_bubble [the_bubble_gammafunk_crates], layout_honeycomb,
          gammafunk_ghost_berserking_beasts, grunt_megastairs_2
Snake:4:  snake_pit_salamanders_mu, layout_cave_town, serial_shops, shop
Orc:1:    layout_caves
Orc:2:    st_orc_mages, layout_caves, bh_open_orc_temple
Vaults:1: nicolae_vaults_little_squares_3, nicolae_vaults_disjoint_gnomons,
          vaults_mumra_chevron, ontoclasm_vaults_chip, dpeg_vaults_monster_box,
          nicolae_vaults_little_squares_4, nicolae_vaults_alarming,
          layout_vaults_quadrants, serial_shops, nicolae_shop_waterfront
Vaults:2: v_misc_3, st_greater_box_5, nicolae_vaults_network_periphery,
          hangedman_vaults_restitches, v_misc_5, v_misc_5,
          ontoclasm_vaults_hangar, nicolae_vaults_what_the_h, v_misc_14,
          ontoclasm_vaults_ring_square, nicolae_vaults_little_ls,
          vaults_dpeg_ring, grunt_vaults_hallway_short, vaults_dpeg_diagonal,
          layout_vaults_omnicross, uniq_jory, uniq_donald

Skill      XL: |  1  2  3  4  5  6  7  8  9 10 11 12 13 14 15 16 17 18 19 20 |
---------------+-------------------------------------------------------------+-----
Transmutations | 1 2 3 6 |  6.0
Earth Magic    | 4 5 6 8 9 10 12 14 17 | 17.1
Conjurations   | 1 2 3 4 6 10 12 14 15 | 15.0
Spellcasting   | 3 4 6 8 9 10 12 14 15 | 15.0
Fighting       | 1 3 6 8 9 12 13 14 15 | 15.0
Shields        | 4 |  4.0
Dodging        | 3 6 8 9 12 13 14 15 | 15.0
Armour         | 1 3 |  3.6
Invocations    | 2 6 9 |  9.0
Evocations     | 1 3 |  3.0
Staves         | 3 6 |  6.0
Stealth        | |  2.1

Action                   |  1- 3 |  4- 6 |  7- 9 | 10-12 | 13-15 | 16-18 | 19-21 || total
-------------------------+-------+-------+-------+-------+-------+-------+-------++-------
Melee: Unarmed           |     9 |       |       |       |       |       |       ||     9
       Spear             |     5 |    31 |       |       |       |       |       ||    36
       Staff             |       |     1 |    43 |    11 |   120 |   101 |    29 ||   305
       Quarterstaff      |       |       |       |       |       |       |    18 ||    18
Throw: Stone             |       |     3 |     3 |       |       |    13 |     3 ||    22
       Dart              |       |       |       |       |     9 |       |       ||     9
       Javelin           |       |       |       |       |       |     6 |       ||     6
 Cast: Sandblast         |    59 |    56 |    23 |    27 |    31 |    23 |     9 ||   228
       Stone Arrow       |       |    19 |   118 |   146 |   305 |    70 |       ||   658
       Lee's Rapid Decon |       |       |     5 |    75 |    65 |    32 |    15 ||   192
       Petrify           |       |       |     2 |    13 |     9 |       |       ||    24
       Iron Shot         |       |       |       |       |   201 |   288 |    68 ||   557
       Passwall          |       |       |       |       |     2 |     1 |       ||     3
       Orb of Destructio |       |       |       |       |       |    98 |   181 ||   279
Invok: Overgrow          |       |       |       |     1 |     6 |    10 |     3 ||    20
       Wall of Briars    |       |       |       |       |     4 |     1 |       ||     5
       Grow Ballistomyce |       |       |       |       |     1 |     2 |     5 ||     8
       Grow Oklob        |       |       |       |       |       |     3 |       ||     3
Evoke: Wand              |       |       |     3 |    11 |   120 |    22 |     3 ||   159
       Tin of tremorston |       |       |       |     2 |     2 |     4 |     2 ||    10
       Condenser vane    |       |       |       |       |     2 |     2 |     1 ||     5
       Phial of floods   |       |       |       |       |     1 |     2 |     1 ||     4
       Phantom mirror    |       |       |       |       |       |       |     1 ||     1
  Use: Potion            |     1 |     1 |     1 |       |     7 |    16 |     8 ||    34
       Scroll            |       |    12 |     6 |     9 |    16 |     9 |     9 ||    61
 Stab: Sleeping          |     3 |       |       |       |       |       |       ||     3
       Petrified         |       |       |     9 |       |     6 |       |       ||    15
       Petrifying        |       |       |     1 |       |       |       |       ||     1
       Paralysed         |       |       |       |       |    12 |       |       ||    12
       Confused          |       |       |       |       |     2 |     1 |       ||     3
Armor: Robe              |     9 |    43 |    36 |    68 |   151 |   220 |   110 ||   637
       Scale mail        |       |       |       |       |       |       |    18 ||    18
Dodge: Dodged            |    17 |    43 |    17 |    93 |   252 |   268 |   165 ||   855
Block: Buckler           |       |       |       |    33 |   222 |   295 |    77 ||   627
       Reflection        |       |       |       |     8 |     9 |    34 |     7 ||    58
       Other             |       |       |       |       |       |       |     8 ||     8

Table legend: (Time is in decaauts)
 A = Elapsed time spent in this place.
 B = Non-inter-level travel time spent in this place.
 C = Inter-level travel time spent in this place.
 D = Time resting spent in this place.
 E = Time spent auto-exploring this place.
 F = Levels seen in this place.
 G = Mean time per level.
                   A        B        C        D        E       F      G
               +--------+--------+--------+--------+--------+-----+--------+
         Total |  79527 |  74318 |   5209 |  41129 |  10597 |  38 | 2092.8 |
       Dungeon |  30268 |  27229 |   3039 |  14358 |   5111 |  15 | 2017.9 |
          Lair |  13412 |  12605 |    807 |   6825 |   1441 |   6 | 2235.3 |
         Swamp |   7180 |   6764 |    416 |   3875 |   1655 |   4 | 1795.0 |
     Snake Pit |  12817 |  12263 |    554 |   7035 |   1791 |   4 | 3204.2 |
  Orcish Mines |   4161 |   4028 |    133 |   2488 |    108 |   2 | 2080.5 |
        Vaults |   7196 |   6937 |    259 |   3997 |    491 |   2 | 3598.0 |
         Abyss |    505 |    505 |      0 |    359 |      0 |   1 |  505.0 |
       Ossuary |    644 |    644 |      0 |    201 |      0 |   1 |  644.0 |
        Bailey |   1554 |   1554 |      0 |    820 |      0 |   1 | 1554.0 |
      Ice Cave |   1268 |   1268 |      0 |    917 |      0 |   1 | 1268.0 |
      Gauntlet |    518 |    518 |      0 |    253 |      0 |   1 |  518.0 |
               +--------+--------+--------+--------+--------+-----+--------+

Top non-repeatable levels by time:
Vaults:1: 4127 daAuts
     D:8: 4014 daAuts
 Snake:3: 3968 daAuts
 Snake:4: 3951 daAuts
  Lair:6: 3636 daAuts
Vaults:2: 3068 daAuts
    D:10: 2984 daAuts
    D:11: 2957 daAuts
 Snake:2: 2937 daAuts
    D:14: 2772 daAuts
  Lair:5: 2376 daAuts
    D:15: 2352 daAuts
 Swamp:1: 2264 daAuts
    D:13: 2140 daAuts
   Orc:1: 2109 daAuts
